AoeStats
← Creative Curl

Arabia

509778781Analyzed
2v2 RM · 5d ago on Sep 28, 2026· 66m 18s· 4 players
Game mode
Random Map
Map size
Medium (4 player)
Population
200
Speed
Normal
Resources
Standard
Victory
Conquest
Starting age
Dark Age
Ending age
Imperial Age
RankedLock teamsTeams togetherTeam positionsShared explorationLock speedFull tech treeHidden civsTurbo modeCheats
Victory
Defeat
🇺🇸 Turks · United States
852
+13
🇲🇽 Cumans · Mexico
795
+16
🇺🇾 Gurjaras · Uruguay
803
-15
🇺🇾 Slavs · Uruguay
775
-14
Creative Curl
6:05 Loom
9:55 Feudal Age
10:59 Horse Collar
11:06 Double-Bit Axe
19:58 Castle Age
18:41 Forging
21:58 Husbandry
22:09 Bloodlines
22:14 Scale Barding Armor
32:53 Iron Casting
32:19 Scale Mail Armor
37:41 Imperial Age
37:48 Chain Mail Armor
37:53 Chain Barding Armor
38:36 Wheelbarrow
38:33 Elite Shrivamsha Rider
38:37 Heavy Camel Rider
40:53 Elite Shrivamsha Rider
43:37 Hoardings
43:24 Conscription
43:29 Kshatriyas
43:50 Hand Cart
45:21 Arson
46:08 Plate Mail Armor
46:14 Plate Barding Armor
55:44 Sappers
57:26 Elite Chakram Thrower
63:38 Plate Barding Armor
ShiotJuni
11:46 Feudal Age
12:12 Double-Bit Axe
12:26 Town Watch
13:44 Wheelbarrow
13:11 Horse Collar
18:37 Bloodlines
19:53 Gold Mining
25:00 Castle Age
25:06 Pikeman
25:46 Squires
26:22 Hand Cart
26:09 Heavy Plow
26:21 Bow Saw
26:49 Gold Shaft Mining
26:05 Stone Mining
26:46 Town Patrol
27:11 Husbandry
29:42 Scale Mail Armor
29:52 Forging
32:09 Loom
32:35 Caravan
39:32 Imperial Age
37:16 Scale Barding Armor
37:26 Chain Mail Armor
37:13 Padded Archer Armor
42:11 Conscription
44:08 Iron Casting
44:04 Plate Mail Armor
43:54 Chain Barding Armor
43:50 Leather Archer Armor
43:25 Fletching
44:01 Heavy Cavalry Archer
50:17 Plate Barding Armor
65:17 Chemistry
denylumpiest
2:55 Loom
16:45 Feudal Age
17:47 Horse Collar
17:53 Double-Bit Axe
23:45 Wheelbarrow
23:50 Fletching
31:20 Castle Age
30:27 Gold Mining
31:27 Stone Mining
31:23 Pikeman
32:05 Squires
32:48 Elite Skirmisher
33:34 Thumb Ring
33:23 Crossbowman
35:32 Gold Shaft Mining
37:18 Bow Saw
37:33 Heavy Plow
37:53 Hand Cart
37:43 Town Watch
38:19 Caravan
38:50 Coinage
41:12 Imperial Age
38:48 Capped Ram
39:16 Light Cavalry
40:07 Bloodlines
40:07 Town Patrol
40:57 Steppe Husbandry
43:16 Two-Man Saw
42:50 Crop Rotation
43:56 Conscription
44:25 Bodkin Arrow
44:43 Forging
44:33 Scale Mail Armor
44:38 Scale Barding Armor
44:34 Padded Archer Armor
44:57 Ballistics
44:33 Murder Holes
45:36 Halberdier
46:01 Arson
47:13 Banking
46:54 Guilds
47:16 Siege Ram
48:15 Onager
48:24 Onager
50:22 Chemistry
55:10 Iron Casting
54:50 Chain Mail Armor
55:37 Chain Barding Armor
64:50 Siege Onager
64:58 Cavalier
Hitman88
11:34 Feudal Age
15:14 Double-Bit Axe
18:47 Castle Age
18:13 Gold Mining
18:14 Stone Mining
23:36 Bow Saw
24:53 Man-at-Arms
32:03 Imperial Age
31:10 Gold Shaft Mining
32:58 Elite Janissary
34:55 Artillery
36:47 Conscription
42:42 Ballistics
42:03 Treadmill Crane
55:40 Heavy Camel Rider
62:59 Squires
Connection lost

Rejoining the realm…

Still unreachable

The connection could not be restored.

Session expired

The server has moved on; the page needs a fresh start.